[Event "*** Titled Tuesday Blitz"]
[Site "Chess.com"]
[Date "2020.02.04"]
[Round "4"]
[White "Aygehovit1992"]
[Black "rasmussvane"]
[Result "0-1"]
[WhiteElo "2653"]
[BlackElo "2881"]
[TimeControl "180+2"]
[EndTime "13:53:33 PST"]
[Termination "rasmussvane won by resignation"]

1. e4 c6 2. d4 d5 3. e5 Bf5 4.
Nf3 e6 5. Be2 Ne7 6. O-O Ng6 7.
Be3 Nd7 8. Nbd2 f6 9. exf6 Qxf6 10. c4 Bd6 11. Qb3 Rb8 12. Rfe1 O-O 13. Nf1 Nf4 14. Bxf4 Bxf4 15. Ng3 Bg4 16. Rad1 Nb6 17. h3 Bxf3 18. Qxf3 Bxg3 19. Qxg3 Nxc4 20. Bxc4 dxc4 21. Re4 Rbd8 22. Rde1 Rxd4 23. Rxe6 Rd1 24. Rxf6 Rxf6 25. Kh2 Rxe1 26. Qb8+ Rf8 27. Qxb7 Re2 28. Qxc6 Rxb2 29. Qxc4+ Kh8 30. f3 h6 31. Qa4 Rb7 32. h4 Re7 33. f4 Rf6 34. h5 Ref7 35. g3 Rf5 36. Kg2 Re7 37. g4 Rf8 38. Qd4 Rfe8 39. g5 hxg5 40. fxg5 Re5 41. Qf4 Re2+ 42. Kf3 Re1 43. Qd4 R1e5 44. Kf4 R5e7 45. h6 Kh7 46. Qd3+ Kg8 47. Qd5+ Kh7 48.
Qf5+ g6 49. Qd5 Rf8+ 50. Kg4 Ref7 51. Qd6 Rf5 52. Qd4 R8f7 53. a4 Rf2 54. a5 Rg2+ 55.
Kh4 Ra2 56. Qd5 Ra4+ 57. Kg3 Raf4 58. Qe5 R4f5 59. Qe3 Rxa5 60. Kh4 Raf5 61. Qd2 a5 62. Kg4 Rf4+ 63. Kg3 Rf3+ 64. Kg4 R7f4+ 65. Qxf4 Rxf4+ 66. Kxf4 a4 67. Ke4 a3 68. Kd3 a2 69. Kc2 a1=Q 0-1

[Event "*** Titled Tuesday Blitz"]
[Site "Chess.com"]
[Date "2020.02.04"]
[Round "4"]
[White "FelixJoseYnojosa"]
[Black "Micki-taryan"]
[Result "1-0"]
[WhiteElo "2662"]
[BlackElo "2989"]
[TimeControl "180+2"]
[EndTime "13:53:34 PST"]
[Termination "FelixJoseYnojosa won by resignation"]

1. e4 c5 2. c3 d6 3. d4 Qc7 4.
Be3 Nf6 5. Nd2 g6 6. h3 Bg7 7. f4 O-O 8. Ngf3 Nbd7 9. Bd3 e5 10. O-O Nh5 11. f5 Nf4 12. Bxf4 exf4 13. Qe1 Nf6 14. Qh4 Nh5 15. Rae1 Qd8 16. Qg4 cxd4 17. cxd4 d5 18. e5 Ng3 19. Qxf4 Nxf5 20. g4 Bh6 21. g5 Bg7 22. Rf2 Be6 23. Nh2 h5 24. Nhf1 Qb6 25. Nf3 Rac8 26. h4 Ne7 27. Ng3 Bg4 28. Nh2 Be6 29. Nf3 Rc6 30. Ref1 Rfc8 31. Qe3 Bh3 32.
Re1 Bg4 33. Nh2 Be6 34. Nf3 Qc7 35. Ne2 Nf5 36. Qd2 Qb6 37. Ref1 a5 38. a3 a4 39.
Bb1 Qb3 40. Nf4 Ne3 41. Re1 Ng4 42. Rff1 Rc2 43. Bxc2 Rxc2 44. Qd3 Qxb2 45. Re2 Rxe2 46. Qxe2 Qxa3 47. Nxe6 fxe6 48. Rb1 Qc3 49. Rxb7 a3 50. Ra7 Qc1+ 51. Kg2 Ne3+ 52. Kf2 Nf5 53. Qb5 Qe3+ 54. Kg2 Qf4 55. Rxa3 Kh7 56. Qd3 Nxh4+ 57. Nxh4 Qxh4 58. Qe3 Qg4+ 59. Kf2 Qf5+ 60. Kg3 Bf8 61. Ra7+ Kg8 62.
Qf4 h4+ 63. Kf3 Bb4 64. Qxf5 gxf5 65. g6 Bc3 66. Re7 Bxd4 67. Rxe6 Kg7 68. Kf4 h3 69. Kxf5 Bc5 70. Rc6 h2 71. Rc7+ Kg8 72. Rh7 Bg1 73. e6 h1=Q 74. Rxh1 1-0

[Event "*** Titled Tuesday Blitz"]
[Site "Chess.com"]
[Date "2020.02.04"]
[Round "4"]
[White "Valk4"]
[Black "andrzej"]
[Result "1-0"]
[WhiteElo "2280"]
[BlackElo "2332"]
[TimeControl "180+2"]
[EndTime "13:53:36 PST"]
[Termination "Valk4 won by checkmate"]

1. e4 c6 2. d4 d5 3. e5 c5 4. dxc5 e6 5. Be3 Ne7 6. c3 Nd7 7. Nf3 Nf5 8. Bd4 Bxc5 9. Bd3 O-O 10. Bxf5 exf5 11. O-O Re8 12. Nbd2 Qb6 13. Nb3 Bxd4 14. Qxd4 Qg6 15. Qxd5 Nf8 16. Rfe1 Bd7 17. Nbd4 Rad8 18. Qxb7 Rb8 19. Qxa7 Rxb2 20. c4 Bc8 21. Rab1 Rxb1 22. Rxb1 f4 23. Rc1 Bh3 24. g3 Rd8 25. Re1 Qd3 26. Ng5 Rd7 27. Qa8 Qd2 28. Ndf3 Qc3 29. Nxh3 Qxc4 30. Qe4 Qxa2 31. Nxf4 Re7 32. Kg2 Re8 33.
Nd5 Ng6 34. Nf4 Ne7 35. h4 Qa5 36. h5 Kh8 37. e6 f6 38. h6 g6 39. Rd1 Ng8 40.
Rd7 Qb6 41. Qb7 Qxb7 42. Rxb7 g5 43. Nd5 Rxe6 44. Rb8 f5 45. Nd4 Rxh6 46. Ne7 Kg7 47.
Nxg8 Rd6 48. Nf3 Rd5 49. Nxg5 h6 50. Nf3 Ra5 51. Ne7 Kf7 52. Nc6 Ra1 53. Nce5+ Kf6 54. Rb6+ Kg7 55. Rg6+ Kh7 56. Rf6 Ra5 57. Rf7+ Kh8 58.
Rxf5 Ra7 59. Rf6 Ra1 60. Ng4 Kg7 61. Rxh6 Ra2 62. Nfe5 Ra1 63. Rg6+ Kh7 64. f4 Ra7 65. Kh3 Rf7 66. Rh6+ Kg8 67. Nxf7 Kxf7 68. f5 Kg7 69.
f6+ Kf7 70. Ne5+ Kg8 71. Kg4 Kf8 72. Rh8# 1-0

[Event "*** Titled Tuesday Blitz"]
[Site "Chess.com"]
[Date "2020.02.04"]
[Round "4"]
[White "Kosche007"]
[Black "Hasangatin_Ramil"]
[Result "1-0"]
[WhiteElo "2310"]
[BlackElo "2525"]
[TimeControl "180+2"]
[EndTime "13:53:39 PST"]
[Termination "Kosche007 won by resignation"]

1. e4 d5 2. exd5 Qxd5 3. Nf3 Bg4 4. Be2 Nc6 5. d4 O-O-O 6. Be3 e5 7. c4 Qa5+ 8. Bd2 Bb4 9. d5 Bxf3 10. Bxf3 Nd4 11. Nc3 Qc5 12. Be2 Nf6 13. O-O Rhe8 14. a3 Bxc3 15.
Bxc3 Ne4 16. Bxd4 Qxd4 17. Qc2 Nc5 18. b4 Qe4 19. Qd1 Ne6 20. Bd3 Qd4 21. Bf5 Qxc4 22. dxe6 fxe6 23. Qc2 Qxc2 24. Bxc2 g6 25. Rad1 Rd5 26. Bb3 Rd4 27. Rfe1 Rxd1 28. Rxd1 c6 29. Kf1 Kc7 30. Ke2 a5 31. Ke3 axb4 32. axb4 Rf8 33.
Bxe6 Rf4 34. Rd7+ Kb6 35. Rg7 Rxb4 36. Rxh7 Kc5 37. h4 b5 38. g4 Kd6 39. Bf7 Rxg4 40. Be8 b4 41. Rd7+ Kc5 42. Rc7 Rxh4 43. Rxc6+ Kd5 44.
Rxg6 b3 45. Bf7+ Kc5 46. Bxb3 Rb4 47. Bf7 Rb7 48. Rf6 Rb4 49. f3 Ra4 50. Re6 Ra7 51.
Rxe5+ Kd6 52. Rf5 Ke7 53. Bd5 Ra5 54. Be4 Ra3+ 55. Kf4 Ke6 56. Rh5 Ra1 57. Rh6+ Kf7 58. Rb6 Ra5 59. Bf5 Ra3 60. Kg4 Kg7 61. f4 Ra1 62. Be4 Ra5 63. Rb7+ Kf6 64. Rb6+ Kg7 65.
f5 Ra1 66. Kf4 Ra5 67. Rb7+ Kf6 68. Rb6+ Kg7 69. Kg5 Ra1 70. Rb7+ Kf8 71. Bd5 Ra5 72. Be6 Ra8 73. Kf6 Re8 74. Rh7 1-0

[Event "*** Titled Tuesday Blitz"]
[Site "Chess.com"]
[Date "2020.02.04"]
[Round "4"]
[White "DanielDardha2005"]
[Black "Shtembuliak"]
[Result "1-0"]
[WhiteElo "2652"]
[BlackElo "2795"]
[TimeControl "180+2"]
[EndTime "13:53:47 PST"]
[Termination "DanielDardha2005 won by resignation"]

1. Nf3 Nf6 2. g3 g6 3. Bg2 Bg7 4. b3 O-O 5. Bb2 d6 6. d4 a5 7.
a4 b6 8. O-O Bb7 9. Nbd2 Nbd7 10. Re1 e6 11. e4 Re8 12. Qe2 h6 13. h3 Qe7 14. Rad1 Kh7 15. e5 Nd5 16. Ne4 f5 17.
exf6 N7xf6 18. Nxf6+ Qxf6 19. c4 Nb4 20. Ng5+ Qxg5 21.
Bxb7 Rab8 22. Bg2 Qf6 23. h4 Re7 24. Ba1 Qf7 25. Be4 Kh8 26. Qg4 d5 27. Bxg6 Qf6 28. cxd5 Nxd5 29. Bb1 Rf8 30. Re2 Kg8 31. Rde1 c5 32.
dxc5 e5 33. Qc4 Qf7 34. Be4 Nf6 35. Qxf7+ Kxf7 36. cxb6 Rb8 37. b7 Nxe4 38. Rxe4 Rbxb7 39. Bxe5 Rb4 40. R4e3 Bf8 41. Bf4 Reb7 42. Rb1 Rxa4 43. Rf3 Kg8 44. Rc1 Rab4 45. Rc8 Rf7 46. Rd3 Kh7 47.
Ra8 Rb5 48. Kg2 Bg7 49. Be3 Rfb7 50. Bd2 Rxb3 51. Rxb3 Rxb3 52. Rxa5 Rd3 53. Be3 Rd7 54. Kf3 Rf7+ 55. Bf4 Kg6 56. h5+ Kh7 57. Rd5 Rb7 58. Kg4 Rf7 59. Be3 Re7 60. Kf5 Rf7+ 61. Ke4 Re7+ 62.
Kd3 Rf7 63. f4 Rb7 64. Ke4 Re7+ 65. Kf3 Bf6 66. g4 Rf7 67. Rf5 Kg8 68. g5 hxg5 69. fxg5 Bg7 70. Rxf7 Kxf7 71. Kg4 Kg8 72. Kf5 Kh7 73. g6+ Kg8 74. h6 Bc3 75. Bf4 Bh8 76.
Be5 Bg7 77. h7+ Kh8 78. Bxg7+ Kxg7 79. h8=Q+ Kxh8 80. Kf6 Kg8 81. g7 1-0

[Event "*** Titled Tuesday Blitz"]
[Site "Chess.com"]
[Date "2020.02.04"]
[Round "4"]
[White "Hadza_3"]
[Black "Koksik_13"]
[Result "1-0"]
[WhiteElo "2408"]
[BlackElo "2677"]
[TimeControl "180+2"]
[EndTime "13:53:55 PST"]
[Termination "Hadza_3 won by checkmate"]

1. e4 e6 2. Nf3 d5 3. e5 c5 4. g3 Nc6 5. Bg2 Nge7 6. O-O g6 7.
d3 Bg7 8. Re1 h6 9. h4 Qc7 10.
Qe2 b5 11. Bf4 Bb7 12. b3 O-O-O 13. c4 bxc4 14. bxc4 dxc4 15. dxc4 g5 16. hxg5 hxg5 17. Bxg5 Rdg8 18. Bxe7 Qxe7 19. Nbd2 Rh5 20. Rab1 Rgh8 21. Rxb7 Qxb7 22. Ne4 Bf8 23. Qd3 Qd7 24. Qxd7+ Kxd7 25. Nf6+ Kc7 26. Nxh5 Rxh5 27. g4 Rh8 28. Ng5 Nd4 29. Nxf7 Rg8 30. Re4 Be7 31. Kf1 a5 32. Rf4 a4 33. Re4 a3 34. Re3 Rb8 35. Bd5 exd5 36. cxd5 Nc2 37. Rc3 Rb1+ 38. Kg2 Ne1+ 39. Kg3 Kb6 40. d6 Bf8 41. e6 Bg7 42. d7 Bf6 43. Re3 Nc2 44. e7 Rg1+ 45. Kh2 Rd1 46. e8=Q Nxe3 47.
fxe3 Rd2+ 48. Kg3 Rxa2 49. d8=Q+ Bxd8 50. Nxd8 Rc2 51. Qc6+ Ka5 52. Nb7+ Kb4 53. Qb6+ Kc3 54. Qxc5+ Kb2 55. Qb4+ Ka2 56. Nc5 Rb2 57. Qc4+ Kb1 58. Nd3 Rb8 59. Qc1+ Ka2 60. Qc2+ Ka1 61. Nc1 Rb2 62.
Qc4 Kb1 63. Nd3 Rb8 64. g5 Rb6 65. e4 Rb8 66. g6 Rb6 67. Qc1+ Ka2 68. g7 Rg6+ 69.
Kf4 Rxg7 70. Qc2+ Ka1 71. Qc3+ Kb1 72. Qxg7 a2 73. Qb2# 1-0

[Event "*** Titled Tuesday Blitz"]
[Site "Chess.com"]
[Date "2020.02.04"]
[Round "4"]
[White "King_of_the_wing"]
[Black "ChessPlayer202202"]
[Result "0-1"]
[WhiteElo "2034"]
[BlackElo "2245"]
[TimeControl "180+2"]
[EndTime "13:53:59 PST"]
[Termination "ChessPlayer202202 won by resignation"]

1. Nf3 Nf6 2. c4 c5 3. g3 d5 4. cxd5 Nxd5 5. Bg2 Nc6 6. O-O e5 7. d3 Be7 8. Qa4 O-O 9. Bd2 Be6 10. Nc3 Nb6 11.
Qd1 Rc8 12. Rc1 Nd7 13. a3 a5 14. Ne4 h6 15. Be3 b6 16. Nc3 f5 17. Qa4 Nf6 18. Nh4 Bd7 19. Ng6 Nd4 20. Qd1 Rf7 21.
Nd5 Bf8 22. Bxd4 exd4 23. Qb3 Kh7 24. Nxf8+ Rxf8 25. Qxb6 Nxd5 26. Qxd8 Rfxd8 27. Bxd5 Rb8 28. Rxc5 Rxb2 29. Bf3 g5 30. g4 fxg4 31. Be4+ Kg7 32. Rc7 Kf6 33. e3 Be6 34. Rc6 Ke7 35. exd4 Rxd4 36.
Re1 Rd6 37. Rc5 a4 38. Bf5 Rbb6 39. Rce5 Kf6 40. Bxe6 Rxe6 41. d4 Rxe5 42. Rxe5 Rb3 43. Re3 Rb1+ 44. Kg2 h5 45. d5 Rd1 46. Re6+ Kf5 47. Ra6 Rd4 48. Ra5 Kf4 49. d6 h4 50.
h3 gxh3+ 51. Kxh3 g4+ 52. Kxh4 Kf3 53. d7 g3+ 54. Kh3 gxf2 55. Rf5+ Rf4 56. Rxf4+ Kxf4 57. d8=Q f1=Q+ 58. Kh2 Qf2+ 59. Kh1 Qf1+ 60. Kh2 Qe2+ 61.
Kh1 Qf3+ 62. Kh2 Qxa3 63. Qf6+ Ke4 64. Qe6+ Kd4 65. Qg4+ Kc3 66. Qc8+ Kb2 67. Qb7+ Ka1 68. Qg7+ Qb2+ 69. Qxb2+ Kxb2 0-1

[Event "*** Titled Tuesday Blitz"]
[Site "Chess.com"]
[Date "2020.02.04"]
[Round "4"]
[White "czasnaszachy"]
[Black "PchelkinVK"]
[Result "1-0"]
[WhiteElo "2315"]
[BlackElo "2471"]
[TimeControl "180+2"]
[EndTime "13:54:18 PST"]
[Termination "czasnaszachy won on time"]

1. d4 e5 2. dxe5 d6 3. exd6 Bxd6 4. Nf3 Nc6 5. Nc3 Bg4 6. Bg5 f6 7. Bh4 Qe7 8. e3 O-O-O 9. Bd3 Ne5 10. Bg3 Nh6 11. Qe2 Bb4 12. Bxe5 fxe5 13. e4 Rdf8 14.
Qe3 Bc5 15. Nd5 Qd6 16. Qe2 Nf7 17. Ne3 Bh5 18. h4 Qb6 19. O-O-O Nd6 20. Nd5 Qa5 21.
Kb1 c6 22. Ne3 b5 23. Nf5 Bf7 24. b3 Nxf5 25. exf5 Re8 26. Be4 Kc7 27. Ng5 Rhf8 28. Qd2 Qxd2 29. Rxd2 h6 30. Nxf7 Rxf7 31. Rhd1 Bd4 32.
f3 b4 33. g4 Rd7 34. g5 hxg5 35.
hxg5 a5 36. Rh2 a4 37. Rh7 Ree7 38. g6 Kb6 39. Rxg7 Rxg7 40. f6 Rg8 41. f7 Rf8 42.
g7 Rdxf7 43. gxf8=Q Rxf8 44. bxa4 Rh8 45. a5+ Kc5 46.
a3 bxa3 47. Ka2 Rb8 48. Kxa3 Ra8 49. Kb3 Rxa5 50. c4 Ra7 51. Kc2 Kxc4 52. Bxc6 Ra2+ 53. Kb1 Rb2+ 54. Kc1 Kc3 55. Be4 Ra2 56. Rd3+ Kc4 57. Rd1 Rf2 58. Kb1 Kb3 59. Rd3+ Bc3 60.
Bd5+ Kb4 61. Rd1 Rb2+ 62. Kc1 Kc5 63. Be4 Ra2 64. Bc2 Bd4 65. Rd3 Ra7 66. Kd1 Kc4 67.
Kc1 Ra1+ 68. Kd2 Ra2 69. Rb3 Ra1 70. Rb1 Ra2 71. Rb3 Ra7 72. Rb1 Rg7 73. Bd3+ Kd5 74. Be4+ Kc5 75. Rc1+ 1-0

[Event "*** Titled Tuesday Blitz"]
[Site "Chess.com"]
[Date "2020.02.04"]
[Round "4"]
[White "M1711"]
[Black "SanchezKelvin"]
[Result "1/2-1/2"]
[WhiteElo "2499"]
[BlackElo "2350"]
[TimeControl "180+2"]
[EndTime "13:54:36 PST"]
[Termination "Game drawn - insufficient material"]

1. d4 Nf6 2. c4 g6 3. Nf3 Bg7 4. g3 O-O 5. Bg2 d6 6. O-O c5 7.
Nc3 Nc6 8. dxc5 dxc5 9. Be3 Be6 10. Qa4 Qa5 11. Qxa5 Nxa5 12. Bxc5 Nxc4 13. Ng5 Bg4 14.
Bxb7 Rab8 15. Bf3 Bxf3 16. exf3 Rxb2 17. Bxe7 Re8 18. Bxf6 Bxf6 19. Nge4 Bg7 20. Nd5 Nd2 21. Ndf6+ Bxf6 22. Nxf6+ Kf8 23. Nxe8 Nxf1 24. Nd6 Nd2 25. Kg2 a5 26. a4 Nb3 27. Ra3 Nc5 28. Nc4 Rb4 29.
Nxa5 Rxa4 30. Rxa4 Nxa4 31. Nc4 Ke7 32. Ne3 Ke6 33. h4 h5 34. g4 Nc3 35. Nf1 Ne2 36.
Ng3 Nf4+ 37. Kf1 Ke5 38. Ne2 Nd3 39. Kg2 Ne1+ 40. Kg3 Nd3 41. f4+ Ke4 42. Nc3+ Kd4 43. Ne2+ Ke4 44. Nc3+ Kd4 45. Nb5+ Kd5 46. f5 hxg4 47.
fxg6 fxg6 48. Nc3+ Kd4 49. Nd1 Ne5 50. Ne3 Ke4 51.
Nxg4 Nd3 52. Nh2 Kf5 53. Nf3 Nc5 54. Nd4+ Ke4 55. Nc6 Kf5 56. Ne7+ Kf6 57. Nd5+ Ke5 58. Ne3 Ne4+ 59. Kf3 Nd2+ 60. Kg4 Kf6 61. Nd5+ Kf7 62. Nc3 Kf6 63. Kf4 Kg7 64. Ne4 Nc4 65. Nc5 Kf6 66.
Nd3 Nd2 67. Ne5 Nb3 68. Ng4+ Kg7 69. Kg5 Nc5 70. Kf4 Nd3+ 71. Ke3 Nc5 72. Kd4 Ne6+ 73. Ke5 Nc5 74. Kd4 Ne6+ 75. Ke4 Nc5+ 76. Ke5 Nd3+ 77. Kd4 Nxf2 78. Nxf2 Kh6 79. Ne4 Kh5 80. Ke3 Kxh4 81. Kf3 g5 82. Nf2 g4+ 83. Kg2 g3 84. Nh3 Kg4 85. Ng1 Kf4 86. Nf3 Kg4 87. Ne5+ Kf4 88.
Kh3 Kxe5 89. Kxg3 1/2-1/2

[Event "*** Titled Tuesday Blitz"]
[Site "Chess.com"]
[Date "2020.02.04"]
[Round "4"]
[White "saraswathii"]
[Black "valeriocarnicelli"]
[Result "1-0"]
[WhiteElo "2214"]
[BlackElo "2494"]
[TimeControl "180+2"]
[EndTime "13:55:23 PST"]
[Termination "saraswathii won by resignation"]

1. e4 e5 2. d3 Bc5 3. Nf3 d6 4. g3 Nc6 5. Bg2 Nf6 6. O-O h6 7. c3 a6 8. d4 Ba7 9. dxe5 dxe5 10. Qc2 O-O 11. h3 Qe7 12. Nbd2 Be6 13. Re1 Rad8 14. Nf1 Bc4 15. N3d2 Bd3 16. Qb3 Na5 17. Qa4 Bb6 18.
Ne3 g6 19. b4 Bxe3 20. Rxe3 Nc4 21. Nxc4 Bxc4 22. Qc2 Qd6 23. Re1 Qd3 24. Qxd3 Rxd3 25. Bxh6 Rfd8 26. Re3 Rd1+ 27. Rxd1 Rxd1+ 28. Kh2 Bxa2 29. Bf3 Rd2 30. Kg2 Bc4 31. Re1 Rd6 32. Bg5 Kg7 33. Bxf6+ Kxf6 34. Rd1 b6 35. Rxd6+ cxd6 36. Bd1 Bb5 37. Kf3 a5 38. bxa5 bxa5 39. Bb3 a4 40. Ba2 Bd7 41. h4 Be6 42. c4 Ke7 43. Ke3 f5 44.
exf5 gxf5 45. f3 Bf7 46. g4 fxg4 47. fxg4 d5 48. cxd5 Kd6 49. Ke4 Bg6+ 50. Ke3 Bf7 51. h5 a3 52. h6 Bg6 53. Kd2 e4 54. Ke3 Ke5 55. g5 Bh7 56. Bb3 Bf5 57. Ba2 Bg6 58. Bb3 Bh7 59. Ba2 Kd6 60. Kd4 Bg6 61. Bb3 Bh7 62.
Ba2 Bf5 63. Bc4 Bg6 64. Kc3 Kc5 65. Kb3 a2 66. Kxa2 Kxc4 67. d6 e3 68. d7 e2 69.
d8=Q e1=Q 70. Qg8+ Kc3 71. Qg7+ Kb4 72. Qxg6 Qd2+ 73.
Ka1 Qd4+ 74. Kb1 Qd1+ 75. Ka2 Qd2+ 76. Ka1 Qd4+ 77. Kb1 Qd1+ 78. Kb2 Qd4+ 79. Kc2 Qf2+ 80. Kd3 Qf1+ 81. Ke3 Qe1+ 82. Kf4 Qd2+ 83. Ke5 Qc3+ 84. Kf5 Qd3+ 85. Kf6 Qd6+ 86. Kg7 Qe7+ 87. Kh8 Qd8+ 88. Kh7 Qe7+ 89. Qg7 Qe6 90. g6 1-0

[Event "*** Titled Tuesday Blitz"]
[Site "Chess.com"]
[Date "2020.02.04"]
[Round "4"]
[White "GM_dmitrij"]
[Black "Rud_Makarian"]
[Result "1-0"]
[WhiteElo "2919"]
[BlackElo "2620"]
[TimeControl "180+2"]
[EndTime "13:55:30 PST"]
[Termination "GM_dmitrij won by resignation"]

1. e4 c6 2. d4 d5 3. e5 Bf5 4. h4 h5 5. Bd3 Bxd3 6. Qxd3 e6 7. Bg5 Qb6 8. Nd2 c5 9. c4 Nc6 10. Ngf3 Nb4 11. Qb3 cxd4 12. O-O Ne7 13. Rac1 Nbc6 14.
Qa4 Qb4 15. Qc2 O-O-O 16. a3 d3 17. Qxd3 Qb6 18. b4 a6 19. b5 dxc4 20. Nxc4 Rxd3 21. Nxb6+ Kc7 22. bxc6 Kxb6 23. Rb1+ Kc7 24. Bxe7 b5 25. Bxf8 Rxf8 26. Rfd1 Rfd8 27. Rxd3 Rxd3 28. Ng5 Rxa3 29. Nxf7 Kxc6 30. Rd1 b4 31. Nd8+ Kb5 32. Nxe6 b3 33. Nd4+ Kc4 34. Nf3 b2 35. e6 Ra1 36. Nd2+ Kd5 37. Nb1+ Kxe6 38. Kf1 a5 39. Ke2 a4 40. Kd2 a3 41. Nxa3 Rxa3 42. Rb1 Ra4 43. g3 Rb4 44. Kc3 Re4 45. Rxb2 Kf5 46. Kd3 Re7 47. Rb5+ Kg6 48. Rg5+ Kh6 49. Kd4 g6 50. Re5 Rd7+ 51.
Ke3 Rf7 52. Re4 Kg7 53. Rf4 Ra7 54. Ke2 Ra2+ 55. Kf3 Ra3+ 56. Kg2 Kh6 57. Re4 Kg7 58. Re3 Ra4 59. Kf3 Ra2 60. Rd3 Rb2 61. Ke3 Kf6 62. f3 Rb4 63. Rd4 Rb5 64. Rf4+ Kg7 65. Rc4 Rb1 66. Kf4 Rg1 67. Rc7+ Kh6 68. Rc3 Kg7 69.
Re3 Kf6 70. Ra3 Rg2 71. Ra6+ Kg7 72. g4 hxg4 73. fxg4 Rb2 74. Ra7+ Kf6 75. Ra6+ Kg7 76. Re6 Rb4+ 77. Re4 Rb5 78. Ra4 Kf6 79. Ra6+ Kf7 80. Ra7+ Kf6 81. g5+ Ke6 82. Ra4 Rb1 83. Ra6+ Kf7 84.
Ra3 Rb4+ 85. Kg3 Ke6 86. Rf3 Ke5 87. Kh3 Rb6 88. Kg2 Ke4 89. Kg3 Rc6 90. Rf6 Rc3+ 91. Kg4 Rc1 92. Re6+ Kd5 93. Rxg6 Ke5 94. Rg8 Rg1+ 95.
Kh5 Kf5 96. Rf8+ Ke6 97. g6 Ke7 98. Rf2 Ke8 99. Kh6 Rg4 100. h5 Ke7 101. g7 1-0

[Event "*** Titled Tuesday Blitz"]
[Site "Chess.com"]
[Date "2020.02.04"]
[Round "4"]
[White "Shukh_Nikolay"]
[Black "Pultis"]
[Result "0-1"]
[WhiteElo "2523"]
[BlackElo "2732"]
[TimeControl "180+2"]
[EndTime "13:56:11 PST"]
[Termination "Pultis won by resignation"]

1. e4 c5 2. Nf3 d6 3. Bb5+ Bd7 4. Bxd7+ Nxd7 5. c4 Ngf6 6. Nc3 g6 7. O-O Bg7 8. d4 cxd4 9. Nxd4 Rc8 10. b3 Qa5 11. Bb2 a6 12. Qd2 O-O 13. Rad1 b5 14. cxb5 axb5 15.
Ndxb5 Nxe4 16. Nxe4 Qxb5 17. Bxg7 Kxg7 18. Qb2+ Qe5 19.
Qxe5+ Nxe5 20. Rd2 Ra8 21. Rc1 Rfb8 22. f4 Ng4 23. h3 Nf6 24. Nxf6 Kxf6 25. Rc7 Rb4 26. g3 e6 27. Kg2 d5 28. Kf3 h5 29. Re2 Rab8 30. g4 hxg4+ 31. hxg4 Rh8 32. g5+ Kg7 33. Rxe6 Rbb8 34. Ree7 Rbf8 35. Ke3 Rh2 36. Ra7 Kg8 37. b4 Rb2 38. a3 Rb3+ 39. Kd4 Rf3 40. Ke5 d4 41. Rad7 Rxa3 42. Kxd4 Rf3 43. Ke4 Rb3 44. Rb7 Rb1 45. b5 Rb4+ 46. Ke5 Kg7 47. b6 Rb5+ 48.
Ke4 Rb4+ 49. Ke3 Rb3+ 50. Kf2 Kg8 51. Ke2 Rb4 52. Ke3 Rb3+ 53. Kd2 Rb4 54. Ke3 Rb3+ 55.
Kd4 Rb4+ 56. Ke5 Rb5+ 57. Ke4 Rb4+ 58. Kf3 Rb3+ 59. Kg4 Kg7 60. Rec7 Kg8 61. Re7 Kg7 62. Re4 Kg8 63. f5 gxf5+ 64. Kxf5 Rc8 65. Rf4 Rg3 66. Ke4 Rc4+ 67. Kf5 Rc5+ 68. Ke4 Rc4+ 69. Kf5 Rc1 70. Rb8+ Kg7 71. b7 Rb1 72. Rd4 Rb5+ 73. Kf4 Rgxg5 74.
Rd7 Rgf5+ 75. Ke4 Rf1 76. Kd4 Rfb1 77. Kc4 R5b2 78. Kc3 Rb6 79. Kc4 R6b5 80. Kc3 R5b2 81. Kc4 Rc1+ 82. Kd3 Rb6 83. Kd2 Rcb1 84. Kc2 R1b5 85.
Kc3 Rb2 86. Kd3 R6b3+ 87. Kc4 Rh3 88. Re7 Rh4+ 89. Kc3 Rhb4 90. Rd7 R4b3+ 91. Kc4 Rh3 92. Re7 Kf6 93. Rd7 Ke6 94. Rdd8 Rhb3 95. Re8+ Kf6 96. Kd4 Rxb7 97. Rxb7 Rxb7 98. Ke3 Re7+ 99. Rxe7 Kxe7 100. Ke4 Ke6 101. Kf4 Kf6 102. Ke4 Kg5 0-1

[Event "*** Titled Tuesday Blitz"]
[Site "Chess.com"]
[Date "2020.02.04"]
[Round "4"]
[White "TheBigBoss04"]
[Black "kingofthenil"]
[Result "1-0"]
[WhiteElo "2674"]
[BlackElo "2480"]
[TimeControl "180+2"]
[EndTime "13:57:17 PST"]
[Termination "TheBigBoss04 won by checkmate"]

1. d4 Nf6 2. Nf3 e6 3. Bf4 d5 4. e3 Bd6 5. Bg3 c5 6. c3 Qc7 7. Nbd2 Nbd7 8. Bd3 O-O 9. O-O e5 10. dxe5 Nxe5 11. Nxe5 Bxe5 12. e4 Bxg3 13. hxg3 dxe4 14.
Nxe4 Nxe4 15. Bxe4 Be6 16. Qf3 Rad8 17. a3 Rd2 18. b4 b6 19. Rad1 Rfd8 20. Rxd2 Rxd2 21. Qe3 Qd6 22. bxc5 bxc5 23. Kh2 g6 24. Rb1 Kg7 25. Rb7 a6 26. Ra7 Ra2 27. c4 Bxc4 28. Bb1 Re2 29.
Qf3 Rb2 30. Be4 Qd4 31. Kg1 Rd2 32. Rc7 Be6 33. g4 h6 34. g3 c4 35. Kg2 Qd6 36.
Rb7 Qd4 37. Rc7 a5 38. Qf4 Qd6 39. Qxd6 Rxd6 40. Kf3 Rd4 41. Ke3 Rd1 42. f4 Ra1 43. f5 Rxa3+ 44. Kd4 gxf5 45. gxf5 Bxf5 46. Bxf5 Rxg3 47.
Be6 Rf3 48. Bd5 Rf4+ 49. Ke5 Rf2 50. Rxc4 Kg6 51. Be4+ Kg5 52. Rc8 f6+ 53. Ke6 Re2 54. Kd5 f5 55. Bd3 Re3 56. Kd4 Re7 57. Rc5 Rd7+ 58.
Ke3 Rf7 59. Rxa5 Kg4 60. Ra8 f4+ 61. Kf2 f3 62. Rg8+ Kf4 63. Rg3 Ke5 64. Rh3 Rf6 65. Bc2 Kd4 66. Bd1 Ke4 67. Bxf3+ Kf4 68. Rh4+ Kg5 69. Ra4 h5 70. Ra5+ Rf5 71. Ra8 Kh4 72. Rg8 Rg5 73. Rf8 Ra5 74. Be2 Kg5 75. Kg3 Ra3+ 76.
Bf3 h4+ 77. Kg2 Rc3 78. Rg8+ Kf5 79. Rh8 Kg5 80. Rh5+ Kg6 81. Rxh4 Rc7 82. Kg3 Kf6 83. Rh5 Ke6 84. Kf4 Re7 85. Rh6+ Kd7 86. Be4 Kc7 87. Ke3 Rd7 88. Rc6+ Kb8 89. Rb6+ Kc7 90. Ra6 Re7 91. Kd4 Rd7+ 92. Kc5 Re7 93. Bd5 Rd7 94. Ra7+ Kd8 95.
Ra8+ Kc7 96. Bc6 Re7 97. Ra7+ Kd8 98. Ra8+ Kc7 99. Rh8 Rg7 100. Bd5 Re7 101. Rh6 Rd7 102. Rc6+ Kb8 103. Ra6 Kc7 104. Be6 Re7 105. Kd5 Kb7 106. Ra2 Kc7 107. Rc2+ Kb7 108. Kd6 Rg7 109. Rb2+ Ka6 110. Bd5 Ka5 111. Kc5 Rg4 112. Rb8 Rg6 113. Rb5+ Ka4 114. Rb2 Rg3 115. Rh2 Ka5 116. Ra2+ Ra3 117. Rxa3# 1-0

[Event "*** Titled Tuesday Blitz"]
[Site "Chess.com"]
[Date "2020.02.04"]
[Round "5"]
[White "ZenBull"]
[Black "coalescenet"]
[Result "1-0"]
[WhiteElo "2125"]
[BlackElo "2214"]
[TimeControl "180+2"]
[EndTime "14:00:08 PST"]
[Termination "ZenBull won by resignation"]

1. Nf3 d5 2. d4 Nf6 3. c4 e6 4. g3 Be7 5. Bg2 O-O 6. O-O a6 7. b3 Nbd7 8. Qc2 b6 9. Nc3 Bb7 10. Rd1 Qb8 11. Bg5 Qa7 12. cxd5 Nxd5 13. Nxd5 1-0

[Event "*** Titled Tuesday Blitz"]
[Site "Chess.com"]
[Date "2020.02.04"]
[Round "5"]
[White "2165149677570"]
[Black "M1711"]
[Result "0-1"]
[WhiteElo "2306"]
[BlackElo "2503"]
[TimeControl "180+2"]
[EndTime "14:00:23 PST"]
[Termination "M1711 won by resignation"]

1. e4 e5 2. Nf3 d5 3. exd5 e4 4. Qe2 Nf6 5. d3 Be7 6. dxe4 O-O 7. Nc3 Bb4 8. Bg5 h6 9. Bxf6 Qxf6 10. e5 Qb6 11.
O-O-O Bf5 12. Qb5 Bxc3 13. Qxb6 axb6 14. bxc3 Rxa2 15. Bd3 Bxd3 16. Rxd3 Ra1+ 0-1

[Event "*** Titled Tuesday Blitz"]
[Site "Chess.com"]
[Date "2020.02.04"]
[Round "5"]
[White "Joshukid"]
[Black "IakovUlivar"]
[Result "0-1"]
[WhiteElo "2592"]
[BlackElo "2452"]
[TimeControl "180+2"]
[EndTime "14:00:42 PST"]
[Termination "IakovUlivar won by resignation"]

1. e4 c5 2. Nf3 d6 3. Bb5+ Bd7 4. Bxd7+ Nxd7 5. O-O e6 6. c4 Be7 7. d4 cxd4 8. Nxd4 Ngf6 9. Nc3 O-O 10. Be3 a6 11.
Rc1 Rc8 12. f3 Rxc4 13. Qb3 b5 14. Rfd1 Nc5 15. Qa3 b4 16. Nc6 bxa3 17. Nxd8 axb2 0-1

[Event "*** Titled Tuesday Blitz"]
[Site "Chess.com"]
[Date "2020.02.04"]
[Round "5"]
[White "Walter_White_Poland"]
[Black "comsac"]
[Result "1-0"]
[WhiteElo "2246"]
[BlackElo "2325"]
[TimeControl "180+2"]
[EndTime "14:00:57 PST"]
[Termination "Walter_White_Poland won by checkmate"]

1. e4 e5 2. Nf3 Nc6 3. Bb5 Nf6 4.
O-O Nxe4 5. d4 Nd6 6. Bxc6 dxc6 7. dxe5 Nf5 8. Qxd8+ Kxd8 9. Rd1+ Ke8 10. Nc3 h6 11.
Ne2 c5 12. Nc3 Bd7 13. Nd5 Rc8 14. h3 Ne7 15. c4 Be6 16. Bf4 g5 17. Nf6# 1-0

[Event "*** Titled Tuesday Blitz"]
[Site "Chess.com"]
[Date "2020.02.04"]
[Round "5"]
[White "MateSchmate"]
[Black "isla88"]
[Result "0-1"]
[WhiteElo "2475"]
[BlackElo "2337"]
[TimeControl "180+2"]
[EndTime "14:01:01 PST"]
[Termination "isla88 won by checkmate"]

1. e4 c5 2. Be2 Nc6 3. f4 g6 4.
d3 Bg7 5. c3 d6 6. Nf3 e6 7.
O-O Nge7 8. Na3 b6 9. Be3 Bb7 10. Nc2 O-O 11. h3 d5 12. e5 Nf5 13. Bf2 h5 14. g4 hxg4 15. hxg4 Nh6 16. Ng5 Nxe5 17. Nxe6 fxe6 18. fxe5 Bxe5 19. Be3 Qh4 20. Rf2 Rxf2 21. Bxf2 Qh2+ 22. Kf1 Qh1+ 23. Bg1 Rf8+ 24. Ke1 Qxg1+ 25. Kd2 Bf4+ 26. Ne3 Qxe3+ 27. Kc2 Bg5 28. Qh1 Qxe2+ 29. Kb3 c4+ 30. dxc4 dxc4+ 31. Ka4 Bxh1 32. Rg1 Bc6+ 33. Ka3 Be7+ 34. b4 Bxb4+ 35. Kxb4 Qb2+ 36. Kxc4 Qb5+ 37. Kd4 Rd8+ 38. Ke3 Rd3+ 39. Kf4 g5# 0-1